 Dungeon Sprint DCSS version 0.30.1-11-g7821555f0a (webtiles) character file.

Game seed: 1966490480527374832

485 Groucho the Destroyer (level 6, -1/32 HPs)
             Began as a Deep Elf Earth Elementalist on Dec 24, 2023.
             Was a High Priest of Sif Muna.
             Slain by an efreet
             ... wielding a +4 scimitar of flaming
              (7 damage)
             ... in the Dungeon (Sprint VII: "The Pits").
             The game lasted 00:04:30 (975 turns).

Groucho the Destroyer (Deep Elf Earth Elementalist)  Turns: 975, Time: 00:04:30

Health: -1/32      AC:  2    Str:  5    XL:     6   Next: 88%
Magic:  8/15       EV: 12    Int: 22    God:    Sif Muna [*****.]
Gold:   0          SH:  0    Dex: 15    Spells: 7/15 levels left

rFire   . . .        m - +2 long sword (holy)
rCold   . . .        (no shield)
rNeg    . . .        a - +0 robe
rPois   .            (no helmet)
rElec   .            (no cloak)
rCorr   .            (no gloves)
SInv    .            (no boots)
Will    .....        (no amulet)
Stlth   ++           (no ring)
HPRegen 0.25/turn    (no ring)
MPRegen 0.14/turn

%: no teleportation
@: no status effects
A: no striking features
a: Renounce Religion, Channel Magic, Forget Spell, Divine Exegesis


You were in the Dungeon.
You worshipped Sif Muna.
Sif Muna was extremely pleased with you.
You visited 1 branch

Inventory:

Hand Weapons
 h - a +2 dagger of venom
 i - a +2 falchion of holy wrath
 m - a +2 long sword of holy wrath (weapon)
Armour
 a - a +0 robe (worn)
Scrolls
 g - a scroll of blinking
 k - 5 scrolls of amnesia
 l - a scroll of butterflies
Potions
 b - 5 potions of magic
 c - 6 potions of curing
 d - 5 potions of heal wounds
 e - a potion of haste
 f - 3 potions of berserk rage
 j - 2 potions of invisibility


   Skills:
 - Level 2.4 Dodging
 - Level 2.4 Stealth
 - Level 5.0 Spellcasting
 - Level 12.6 Conjurations
 + Level 1.2 Transmutations
 - Level 10.0 Earth Magic


You had 7 spell levels left.
You knew the following spells:

 Your Spells              Type           Power      Damage    Failure   Level
a - Sandblast             Erth           98%        2d20      1%          1
b - Stone Arrow           Conj/Erth      100%       3d13      1%          3
c - Petrify               Tmut/Erth      30%        N/A       10%         4

Your spell library contained the following spells:

 Spells                   Type           Power      Damage    Failure   Level
 Passwall                 Tmut/Erth      25%        N/A       1%          2
 Static Discharge         Conj/Air       66%        2-5/arc   1%          2
 Necrotise                Necr           20%        1d5       10%         1
 Arcjolt                  Conj/Air       16%        1d26      22%         5
 Swiftness                Air            5%         N/A       30%         3
 Vampiric Draining        Necr           5%         2d6       30%         3


Dungeon Overview and Level Annotations

Branches:
Dungeon (1/1)

Altars:
Ashenzari
Cheibriados
Dithmenos
Elyvilon
Fedhas
Gozag
Hepliaklqana
Kikubaaqudgha
Makhleb
Nemelex Xobeh
Okawaru
Qazlal
Ru
Sif Muna
Trog
Uskayaw
Vehumet
Wu Jian
Xom
Yredelemnul
Zin
The Shining One
Jiyva
Lugonu


Message History

Things that are here:
a +1 whip of venom; a +0 leather armour
There is an open door here.
Things that are here:
a +0 club; a jackal skeleton You see here a jackal skeleton.
There is an open door here.
You open the door.
A giant cockroach comes into view.
Casting: Sandblast (safe; 1% risk of failure)
Confirm with . or Enter, or press ? or * to list all spells.
Aiming: Sandblast (safe; 1% risk of failure)
Press: ? - help, Shift-Dir - straight line, f - giant cockroach
Aim: a giant cockroach (asleep, 100% to hit)
The blast of sand hits the giant cockroach!!
You kill the giant cockroach!
Sif Muna accepts your kill.
There is an open door here.
You open the door.
An efreet comes into view.
It is wielding a +4 scimitar of flaming.
Casting: Sandblast (safe; 1% risk of failure)
Confirm with . or Enter, or press ? or * to list all spells.
Aiming: Stone Arrow (safe; 1% risk of failure)
Press: ? - help, Shift-Dir - straight line, f - efreet
Aim: an efreet, wielding a +4 scimitar of flaming (92% to hit)
The stone arrow hits the efreet!
The efreet is moderately wounded.
The efreet hits you with a +4 scimitar of flaming!
The efreet burns you.
Casting: Stone Arrow (safe; 1% risk of failure)
Confirm with . or Enter, or press ? or * to list all spells.
Aiming: Stone Arrow (safe; 1% risk of failure)
Press: ? - help, Shift-Dir - straight line, f/p - efreet
Aim: an efreet, wielding a +4 scimitar of flaming (moderately wounded, 92% to hit)
The stone arrow hits the efreet!
The efreet is heavily wounded.
The efreet hits you with a +4 scimitar of flaming!
* * * LOW HITPOINT WARNING * * *
The efreet burns you!
You die...

#.#........##.......#
#'###########.......#
#..#.#.## #########
#.......# ##.#.#.##
#.......#+#
##.#.#.##.+
#.......#R#
##.#.#..@†#
##########


You could see an efreet.

Vanquished Creatures
  Menkaure (D)
  A sky beast (D)
  An ogre (D)
  A gnoll bouda (D)
  An orc priest (D)
  Jessica (D)
  An orc wizard (D)
  5 gnolls (D)
  A river rat (D)
  An ufetubus (D)
  3 orcs (D)
  3 giant cockroaches (D)
  A hobgoblin (D)
  5 jackals (D)
  A bat (D)
  A frilled lizard (D)
  A jackal zombie (D)
29 creatures vanquished.

Notes
Turn   | Place    | Note
-------+----------+-------------------------------------------
     0 | D        | Groucho the Deep Elf Earth Elementalist began the quest for
                  | the Orb.
     0 | D        | Reached XP level 1. HP: 10/10 MP: 6/6
    38 | D        | Found a glowing golden altar of the Shining One.
    38 | D        | Found a glowing silver altar of Zin.
    38 | D        | Found a basalt altar of Yredelemnul.
    38 | D        | Found a shimmering altar of Xom.
    38 | D        | Found an ornate altar of the Wu Jian Council.
    38 | D        | Found a bloodstained altar of Trog.
    38 | D        | Found a shimmering blue altar of Sif Muna.
    38 | D        | Found a sacrificial altar of Ru.
    38 | D        | Found a stormy altar of Qazlal.
    38 | D        | Found an iron altar of Okawaru.
    38 | D        | Found a sparkling altar of Nemelex Xobeh.
    38 | D        | Found a burning altar of Makhleb.
    38 | D        | Found a viscous altar of Jiyva.
    38 | D        | Found a hazy altar of Hepliaklqana.
    38 | D        | Found an opulent altar of Gozag.
    38 | D        | Found a blossoming altar of Fedhas.
    38 | D        | Found a white marble altar of Elyvilon.
    38 | D        | Found a shadowy altar of Dithmenos.
    38 | D        | Found a snail-covered altar of Cheibriados.
    39 | D        | Found a radiant altar of Vehumet.
    39 | D        | Found a corrupted altar of Lugonu.
    40 | D        | Found an ancient bone altar of Kikubaaqudgha.
    40 | D        | Found a hide-covered altar of Uskayaw.
    40 | D        | Found a broken altar of Ashenzari.
    41 | D        | Became a worshipper of Sif Muna the Loreminder
    64 | D        | Reached * piety under Sif Muna
    65 | D        | Reached skill level 5 in Earth Magic
    80 | D        | Reached ** piety under Sif Muna
    81 | D        | Reached XP level 2. HP: 12/15 MP: 8/8
    94 | D        | Reached XP level 3. HP: 19/19 MP: 6/9
    95 | D        | Reached *** piety under Sif Muna
    97 | D        | Reached XP level 4. HP: 24/24 MP: 3/10
   120 | D        | Reached **** piety under Sif Muna
   121 | D        | Reached skill level 10 in Earth Magic
   125 | D        | Learned a level 3 spell: Stone Arrow
   518 | D        | Noticed Jessica
   521 | D        | Noticed a sky beast
   535 | D        | Reached skill level 5 in Spellcasting
   565 | D        | Killed a sky beast
   566 | D        | Reached skill level 7 in Conjurations
   566 | D        | Reached XP level 5. HP: 28/28 MP: 11/14
   573 | D        | Learned a level 4 spell: Petrify
   583 | D        | Noticed Menkaure
   583 | D        | Noticed an ogre
   601 | D        | Killed an ogre
   601 | D        | Reached ***** piety under Sif Muna
   601 | D        | Received a gift from Sif Muna
   602 | D        | Reached skill level 9 in Conjurations
   602 | D        | Reached XP level 6. HP: 28/32 MP: 8/15
   604 | D        | Reached skill level 10 in Conjurations
   605 | D        | Killed Menkaure
   606 | D        | Reached skill level 12 in Conjurations
   606 | D        | Got Sif Muna's Catalogue of Dark Inhalation {god gift}
   616 | D        | Killed Jessica
   973 | D        | Noticed an efreet
   975 | D        | Slain by an efreet

Illustrated notes

Levels and vault maps discovered:
D:        pitsprint [storerooms_1, entrance_room_1, metal_vault_6, armoury_3,
          mini_pit_1, grid_room_1, main_hall_1, silver_pit, the_coven_3,
          the_vestibule_1, steel_vault_5, golden_pit, hallway_of_sentries,
          crystal_vault_4, iron_vault_4, final_vault]

Skill      XL: |  1  2  3  4  5  6 |
---------------+-------------------+-----
Earth Magic    | 5 7 9 10 | 10.0
Spellcasting   | 5 |  5.0
Conjurations   | 7 9 12 | 12.6
Dodging        | |  2.4
Stealth        | |  2.4
Transmutations | |  1.2

Action                     |  1- 3 |  4- 6 || total
---------------------------+-------+-------++-------
  Melee: Falchion          |    18 |     1 ||    19
   Cast: Sandblast         |     6 |    20 ||    26
         Stone Arrow       |       |     6 ||     6
    Use: Potion            |       |     1 ||     1
 Armour: Robe              |     9 |       ||     9
  Dodge: Dodged            |    24 |     5 ||    29
